AoeStats
← Chris Becker

Nomad

510131540Analyzed
4v4 RM · 2d ago on Sep 29, 2026· 42m 22s· 8 players
Game mode
Random Map
Map size
231×231
Population
200
Speed
Normal
Resources
Standard
Victory
Conquest
Starting age
Dark Age
Ending age
Imperial Age
RankedLock teamsTeams togetherTeam positionsShared explorationLock speedFull tech treeHidden civsTurbo modeCheats
Victory
Defeat
🇩🇪 Berbers · Germany
1519
+11
🇷🇺 Persians · Russia
1464
+13
🇨🇴 Slavs · Colombia
1427
+15
🇨🇴 Huns · Colombia
1404
+16
🇦🇷 Magyars · Argentina
1423
-15
🇫🇷 Maya · France
1421
-14
🇫🇷 Persians · France
1394
-13
1374
-13
Volrath
6:31 Loom
15:53 Feudal Age
16:30 Double-Bit Axe
16:44 Fishing Lines
19:39 Castle Age
17:36 Gold Mining
18:16 Fletching
18:27 Padded Archer Armor
18:51 Bloodlines
18:50 Town Watch
19:41 Wheelbarrow
20:29 Bow Saw
20:55 Gold Shaft Mining
20:14 Gillnets
20:40 Bodkin Arrow
20:58 Scale Barding Armor
20:19 Light Cavalry
21:01 Husbandry
21:53 Medium Warships
21:46 Demolition Ship
22:53 Light Cavalry
24:47 Ballistics
25:08 Leather Archer Armor
25:53 Chain Barding Armor
26:05 Thumb Ring
28:05 Hand Cart
28:55 Horse Collar
33:05 Imperial Age
31:20 Forging
31:52 Marauders
31:59 Heavy Plow
32:17 Clinker Construction
32:18 Masonry
33:44 Iron Casting
34:43 Plate Barding Armor
35:24 Guilds
34:46 Elite Tarkan
35:47 Conscription
35:59 Heavy Warships
36:08 Bracer
39:13 Parthian Tactics
40:08 Chemistry
40:49 Murder Holes
40:49 Heavy Cavalry Archer
Chris Becker
4:31 Loom
14:20 Feudal Age
14:54 Double-Bit Axe
16:07 Gold Mining
16:01 Horse Collar
18:46 Castle Age
18:21 Bloodlines
19:16 Scale Barding Armor
19:57 Bow Saw
22:04 Husbandry
22:35 Heavy Plow
28:25 Stone Mining
29:56 Forging
35:48 Wheelbarrow
39:40 Imperial Age
38:34 Chain Barding Armor
39:43 Heavy Camel Rider
41:02 Hand Cart
41:36 Capped Ram
xxArMoRxx
3:58 Loom
13:03 Feudal Age
17:29 Castle Age
15:25 Double-Bit Axe
15:22 Horse Collar
16:51 Town Watch
17:41 Wheelbarrow
16:53 Fishing Lines
18:15 Bow Saw
20:42 Heavy Plow
22:19 Hand Cart
23:36 Scale Barding Armor
24:50 Husbandry
25:01 Bloodlines
25:59 Forging
28:08 Bloodlines
31:08 Iron Casting
34:48 Imperial Age
33:11 Hand Cart
33:02 Fletching
33:41 Gold Mining
33:48 Stone Mining
33:53 Pikeman
34:34 Squires
35:37 Conscription
35:13 Cavalier
36:48 Chain Barding Armor
37:29 Blast Furnace
37:22 Savar
39:39 Plate Barding Armor
40:00 Bodkin Arrow
Morlhaw
5:47 Loom
13:53 Feudal Age
14:29 Horse Collar
21:42 Castle Age
20:21 Town Watch
20:53 Double-Bit Axe
23:32 Bow Saw
25:03 Wheelbarrow
23:50 Pikeman
25:16 Scale Mail Armor
29:28 Chain Mail Armor
30:55 Squires
Evil Walks
4:53 Loom
13:01 Feudal Age
16:57 Castle Age
14:53 Fletching
15:04 Padded Archer Armor
15:02 Gold Mining
15:41 Town Watch
19:18 Wheelbarrow
18:31 Double-Bit Axe
19:37 Bow Saw
20:56 Hand Cart
20:22 Crossbowman
21:34 Squires
25:16 Ballistics
25:01 Town Patrol
25:36 Leather Archer Armor
26:56 Thumb Ring
28:33 Bodkin Arrow
29:00 Stone Mining
31:56 Treadmill Crane
32:26 Masonry
32:12 Murder Holes
35:55 Imperial Age
34:00 Fishing Lines
34:45 Fortified Wall
38:10 Arbalester
39:20 Conscription
39:37 Hoardings
39:53 Architecture
40:24 Chemistry
42:16 Stone Shaft Mining
41:49 Bracer
42:19 Ring Archer Armor
41:43 Arson
Fricelebarbare
5:34 Loom
15:20 Feudal Age
20:03 Castle Age
17:58 Fishing Lines
19:48 Double-Bit Axe
21:11 Medium Warships
20:59 Gillnets
23:14 Wheelbarrow
22:25 Town Watch
22:33 Stone Mining
22:33 Gold Mining
25:18 Fletching
26:55 Hand Cart
28:16 Bodkin Arrow
28:33 Town Patrol
36:25 Imperial Age
Demon Backpack // Varela
4:25 Loom
13:20 Feudal Age
14:45 Fletching
14:55 Padded Archer Armor
17:03 Double-Bit Axe
19:11 Fishing Lines
25:26 Castle Age
23:49 Gold Mining
27:44 Medium Warships
26:56 Demolition Ship
27:33 Bodkin Arrow
27:53 Leather Archer Armor
30:25 Wheelbarrow
30:07 Stone Mining
30:30 Horse Collar
31:58 Stone Shaft Mining
35:56 Hand Cart
36:33 Forging
36:23 Scale Mail Armor
36:17 Pikeman
41:31 Imperial Age
41:29 Halberdier
felixaleman1010
4:31 Loom
15:16 Feudal Age
19:01 Castle Age
20:27 Medium Warships
20:34 Scale Barding Armor
22:19 Corvinian Army
22:18 Fishing Lines
22:35 Double-Bit Axe
22:33 Horse Collar
23:42 Bow Saw
24:47 Chain Barding Armor
32:40 Bloodlines
32:31 Husbandry
32:54 Fletching
35:05 Heavy Plow
Connection lost

Rejoining the realm…

Still unreachable

The connection could not be restored.

Session expired

The server has moved on; the page needs a fresh start.